Map: [ESL] Site Delta

Players

Cham

  • Race: Zerg Zerg
  • Spawn Location: 5:00

HeroMarine - Winner!

  • Race: Terran Terran
  • Spawn Location: 11:00

Event: ESL SC2 Masters 2023 Winter (Finals)

VOD

Have the link to the VOD?

Description

Time

  • Played on: Dec. 15, 2023, 4:13 p.m.
  • Length: 15:25

All games in this series

Show
View Real Time Build Order
Export as new Build Order

Cham Zerg 

Build Orders: Hatch First 

Get SALT Encoding   

  12  0:00  Drone  
  13  0:13  Overlord  
  13  0:19  Drone  
  14  0:31  Drone x2  
  16  0:49  Hatchery  
  15  0:51  Drone  
  15  0:54  Drone  
  17  1:00  Drone  
  18  1:12  Spawning Pool  
  18  1:15  Extractor  
  18  1:16  Drone  
  17  1:20  Drone  
  18  1:28  Drone  
  19  1:39  Drone  
  20  1:50  Drone  
  21  2:00  Queen x2  
  26  2:01  Zergling x4  
  27  2:18  Overlord  
  27  2:19  Hatchery  
  26  2:29  Drone x2  
  27  2:39  Overlord  
  27  2:40  Drone x2  
  27  2:44  Queen  
  29  2:49  Metabolic Boost  
  29  2:51  Drone  
  32  2:59  Drone x3  
  35  3:06  Drone  
  35  3:07  Overlord  
  35  3:08  Drone  
  35  3:11  Drone x2  
  39  3:17  Queen  
  41  3:23  Queen  
  43  3:27  Overlord  
  43  3:33  Drone x3  
  46  3:37  Drone  
  47  3:42  Drone  
  47  3:44  Zergling x4  
  47  3:46  Drone x2  
  52  3:48  Drone  
  52  3:50  Queen  
  55  3:56  Drone, Overlord  
  55  4:01  Lair  
  56  4:04  Overlord  
  56  4:06  Extractor  
  56  4:07  Drone x2  
  57  4:10  Drone  
  57  4:14  Overlord  
  57  4:15  Drone x3  
  62  4:17  Drone  
  62  4:22  Roach Warren  
  62  4:23  Drone  
  62  4:27  Drone  
  62  4:28  Drone  
  62  4:31  Overlord  
  64  4:34  Drone x3, Extractor  
  64  4:35  Extractor  
  64  4:36  Extractor x2  
  64  4:37  Drone  
  64  4:38  Drone  
  65  4:40  Drone  
  65  4:44  Overlord  
  66  4:47  Drone  
  66  4:49  Evolution Chamber  
  66  4:51  Evolution Chamber  
  65  4:55  Zergling x4  
  65  4:57  Drone  
  68  5:00  Drone x2, Overlord  
  68  5:02  Drone x3  
  68  5:03  Overlord  
  73  5:08  Roach x2  
  73  5:12  Drone, Overlord  
  78  5:17  Drone x2  
  78  5:20  Zerg Missile Weapons Level 1, Zerg Ground Armor Level 1  
  80  5:24  Drone x2  
  80  5:25  Drone  
  80  5:26  Roach  
  80  5:27  Roach  
  87  5:32  Drone x2  
  87  5:33  Drone  
  90  5:36  Roach x2  
  90  5:38  Drone, Glial Reconstitution  
  95  5:47  Hatchery  
  95  5:49  Roach  
  96  5:50  Ravager x2  
  96  5:52  Roach  
  96  5:54  Drone  
  101  5:57  Roach  
  101  5:58  Roach x2  
  101  6:02  Roach x2  
  111  6:05  Overlord  
  111  6:06  Overseer  
  111  6:07  Roach  
  111  6:09  Roach  
  111  6:10  Roach  
  117  6:12  Roach  
  117  6:14  Roach  
  117  6:15  Roach  
  117  6:18  Overlord  
  123  6:20  Overlord  
  123  6:28  Roach  
  123  6:32  Roach x2  
  129  6:33  Overlord x3  
  129  6:35  Overseer  
  129  6:37  Roach x2  
  129  6:38  Roach  
  135  6:40  Roach x2  
  135  6:42  Roach  
  135  6:44  Roach  
  135  6:46  Overlord  
  143  6:48  Roach  
  143  6:52  Roach x2  
  143  6:54  Overlord  
  149  6:55  Roach  
  149  6:57  Roach x2  
  149  6:59  Overlord  
  149  7:01  Overlord  
  155  7:04  Ravager x2  
  155  7:05  Roach x2  
  163  7:08  Roach x2  
  163  7:11  Roach  
  163  7:12  Overlord  
  163  7:14  Overlord  
  167  7:18  Roach x2  
  167  7:20  Ravager  
  167  7:22  Roach x2  
  176  7:27  Overlord, Ravager  
  176  7:28  Roach, Ravager  
  176  7:29  Roach x2  
  184  7:31  Roach  
  184  7:33  Roach  
  184  7:35  Roach  
  190  7:38  Roach x2  
  194  7:45  Roach x3  
  194  7:47  Roach  
  194  7:50  Roach  
  199  7:57  Roach  
  199  7:58  Roach  
  199  8:00  Roach  
  199  8:02  Roach x2  
  199  8:05  Drone x3, Infestation Pit  
  186  8:06  Drone x2  
  186  8:09  Drone x3  
  186  8:10  Ravager x3  
  186  8:11  Ravager  
  186  8:12  Drone x2  
  198  8:17  Zerg Ground Armor Level 2  
  198  8:21  Extractor, Zerg Missile Weapons Level 2  
  198  8:22  Extractor  
  196  8:28  Roach x2  
  192  8:39  Roach  
  192  8:40  Roach x11  
  180  8:47  Drone x2  
  180  8:48  Drone  
  183  8:58  Roach, Hatchery  
  183  8:59  Drone x9  
  191  9:03  Infestor x2  
  191  9:06  Infestor  
  197  9:10  Infestor  
  197  9:15  Ravager  
  200  9:18  Ravager  
  200  9:21  Baneling Nest  
  199  9:26  Overlord  
  199  9:29  Overlord  
  196  9:43  Spore Crawler  
  196  9:47  Spore Crawler  
  196  9:48  Spore Crawler  
  196  9:49  Hive  
  196  9:52  Drone x2, Spire  
  197  9:53  Hydralisk Den  
  194  10:01  Roach x3  
  194  10:02  Baneling Nest  
  199  10:19  Zergling x2  
  179  10:29  Roach x8  
  179  10:30  Roach x2  
  179  10:32  Zergling x2, Roach  
  179  10:34  Grooved Spines  
  200  10:44  Centrifugal Hooks  
  200  10:49  Zerg Melee Weapons Level 1  
  167  11:07  Roach x18  
  167  11:08  Roach x2  
  167  11:10  Ravager x3  
  167  11:11  Zergling x2  
  195  11:13  Zerg Ground Armor Level 3  
  195  11:15  Zergling x6  
  198  11:24  Muscular Augments  
  177  11:34  Zergling x20  
  144  11:40  Roach x6  
  144  11:46  Zergling x6, Greater Spire  
  144  11:47  Zergling x10  
  142  11:48  Baneling x6  
  142  11:49  Ravager  
  142  11:50  Ravager  
  142  11:53  Drone x3  
  147  11:58  Zergling x4, Roach x2  
  147  12:00  Queen  
  151  12:03  Zergling x2  
  151  12:08  Zergling x12, Hatchery  
  151  12:11  Baneling x5  
  151  12:12  Zergling x6  
  159  12:17  Corruptor x3  
  165  12:23  Corruptor  
  165  12:25  Baneling x3  
  165  12:26  Baneling  
  165  12:28  Corruptor x3  
  173  12:37  Corruptor x2  
  173  12:39  Drone x2  
  173  12:41  Baneling x4, Hatchery  
  173  12:42  Zergling x6  
  170  13:01  Brood Lord x4  
  170  13:03  Brood Lord  
  180  13:09  Hatchery  
  180  13:10  Brood Lord  
  181  13:17  Brood Lord  
  183  13:22  Drone x2  
  183  13:23  Drone x3, Extractor  
  187  13:27  Extractor  
  187  13:30  Zerg Flyer Weapons Level 1  
  186  13:35  Brood Lord  
  186  13:36  Brood Lord  
  186  13:37  Zergling x2  
  186  13:38  Zergling x16  
  199  13:41  Baneling x5  
  199  13:42  Baneling  
  199  13:44  Baneling  
  199  13:45  Baneling  
  199  13:49  Spore Crawler  
  199  13:51  Overseer  
  193  14:09  Hydralisk x4  
  147  14:10  Hydralisk x3  
  147  14:14  Baneling x2  
  159  14:22  Hydralisk x2  
  159  14:24  Zergling x26  
  168  14:29  Zergling x2  
  170  14:32  Zergling x6  
  170  14:38  Lurker Den  
  171  14:41  Zergling x6  
  171  14:43  Zergling x2  
  171  14:44  Zergling x4  
  166  14:55  Drone, Hatchery  
  166  14:56  Drone  
  166  14:58  Zergling x4  
  167  15:01  Baneling x2, Hatchery  
  167  15:02  Baneling x2  
  167  15:03  Zergling x2  
Show
View Real Time Build Order
Export as new Build Order

HeroMarine Terran - Winner!

Build Orders: Reaper Expand 

Get SALT Encoding   

  12  0:00  SCV  
  13  0:12  SCV  
  14  0:17  Supply Depot  
  14  0:24  SCV  
  15  0:38  SCV  
  15  0:40  Barracks  
  16  0:43  Refinery  
  16  0:50  SCV  
  17  1:03  SCV  
  18  1:15  SCV  
  19  1:26  Reaper  
  19  1:27  Orbital Command  
  20  1:38  Command Center  
  20  1:47  Supply Depot  
  20  1:52  SCV  
  21  1:58  Marine  
  22  2:04  SCV  
  23  2:11  Factory  
  23  2:16  SCV  
  23  2:20  Barracks Reactor  
  24  2:28  SCV  
  25  2:40  Command Center, SCV  
  26  2:51  Orbital Command  
  26  2:52  SCV  
  26  2:57  Barracks  
  27  3:02  Hellion  
  29  3:07  Hellion, SCV  
  29  3:10  Barracks Tech Lab  
  32  3:17  SCV  
  32  3:19  SCV  
  34  3:24  Hellion  
  36  3:28  Stimpack, Hellion  
  36  3:29  Marine  
  36  3:32  SCV x2  
  41  3:44  SCV  
  41  3:45  SCV  
  41  3:46  Marine  
  44  3:49  Starport  
  44  3:52  Orbital Command  
  44  3:57  SCV x2, Marine  
  44  3:59  Marine  
  44  4:01  Factory Reactor  
  48  4:03  Refinery x2  
  48  4:07  Marine  
  48  4:09  SCV x2  
  51  4:14  Marine  
  51  4:16  Supply Depot  
  52  4:17  Marine  
  52  4:20  SCV  
  52  4:21  SCV x2  
  56  4:25  Marine  
  57  4:32  Supply Depot, Marine, SCV  
  57  4:33  SCV x2  
  57  4:37  Marine  
  62  4:40  Supply Depot  
  62  4:44  SCV  
  62  4:45  SCV x2, Medivac x2  
  69  4:46  Refinery  
  69  4:54  Marine x2  
  69  4:55  Supply Depot, Marine  
  69  4:56  Factory Tech Lab  
  69  4:57  SCV x2  
  75  5:02  Orbital Command  
  75  5:05  Engineering Bay x2  
  74  5:09  SCV  
  74  5:11  Barracks, Marine x2  
  74  5:12  Combat Shield  
  77  5:16  SCV  
  77  5:19  Siege Tank  
  81  5:21  SCV  
  81  5:25  Supply Depot  
  81  5:26  Starport Reactor  
  81  5:28  SCV x2  
  84  5:29  Marine x3  
  84  5:33  SCV  
  88  5:40  SCV x2  
  88  5:41  Terran Infantry Weapons Level 1, Supply Depot  
  88  5:42  Supply Depot  
  90  5:43  Terran Infantry Armor Level 1  
  90  5:45  SCV  
  90  5:46  Marine  
  90  5:47  Marine  
  93  5:50  Marine  
  93  5:52  SCV x2  
  93  5:53  Siege Tank  
  99  5:58  SCV  
  99  5:59  Supply Depot  
  99  6:04  Marine, SCV x2  
  99  6:07  Marine x3  
  105  6:11  Marine  
  105  6:13  Barracks  
  105  6:14  Barracks  
  106  6:21  SCV  
  106  6:22  Marine, SCV x2  
  106  6:23  Supply Depot  
  106  6:25  Siege Tank, Marine x2  
  112  6:28  Medivac x2  
  112  6:30  Marine x2  
  121  6:34  Refinery x2  
  121  6:35  SCV x3  
  124  6:40  Marine  
  124  6:41  Bunker  
  124  6:44  Marine x2  
  124  6:45  Bunker  
  127  6:48  Marine x2  
  127  6:50  Supply Depot  
  127  6:51  Supply Depot, SCV  
  127  6:53  SCV  
  127  6:54  SCV  
  132  6:58  Marine  
  133  7:02  Barracks Reactor x2, Marine  
  133  7:03  Siege Tank  
  133  7:04  Marine  
  133  7:06  Marine x2  
  138  7:09  Supply Depot  
  132  7:15  Marine  
  132  7:19  Medivac x2  
  132  7:20  Marine  
  132  7:21  Barracks  
  132  7:22  Marine  
  132  7:23  Barracks  
  132  7:24  Barracks, Marine x2  
  134  7:30  Supply Depot  
  134  7:33  Marine  
  138  7:37  Marine  
  138  7:39  Marine x4  
  138  7:40  Marine  
  138  7:41  Armory, Marine x2  
  138  7:42  Siege Tank  
  145  7:44  Factory  
  145  7:51  Marine  
  145  7:55  Marine  
  145  7:56  Marine  
  145  7:57  Marine x2  
  148  8:01  Marine x2  
  148  8:04  Marine x2  
  149  8:09  Barracks Tech Lab  
  149  8:10  Barracks Tech Lab  
  149  8:11  Barracks Tech Lab  
  149  8:13  Command Center  
  149  8:14  Medivac x2  
  149  8:15  Siege Tank  
  156  8:27  Terran Infantry Weapons Level 2, Terran Infantry Armor Level 2  
  156  8:28  Terran Vehicle Weapons Level 1  
  156  8:29  Concussive Shells  
  156  8:32  Marauder x2  
  148  8:35  Marine x3, Marauder  
  148  8:38  Marine, Marauder  
  148  8:40  Marine  
  148  8:41  Factory Tech Lab  
  135  8:47  Siege Tank, Medivac  
  139  8:55  Marauder x2  
  143  8:56  Marauder, Marine x4  
  143  8:58  Marine x2  
  143  9:00  Marauder  
  153  9:03  Siege Tank  
  156  9:14  Medivac  
  156  9:16  Marauder x2  
  156  9:17  Marine x9  
  162  9:21  SCV, Marine  
  162  9:22  SCV x2  
  173  9:34  Sensor Tower, Marine  
  173  9:35  Marine x3  
  173  9:37  Marine x3, Marauder  
  173  9:38  Siege Tank x2, Marauder x2, Marine  
  190  9:51  Marine  
  190  9:52  Marine x2  
  191  9:53  Marine x2  
  191  9:54  Orbital Command  
  191  9:55  Marine  
  191  9:56  Marine x3  
  199  10:04  Command Center  
  199  10:09  Marine  
  194  10:20  Command Center  
  194  10:21  Ghost Academy  
  194  10:26  Marine x2, Marauder  
  194  10:27  Marauder x2  
  183  10:28  Siege Tank x2  
  183  10:29  Medivac x2  
  183  10:31  Marine  
  183  10:32  Marine  
  183  10:34  Marauder  
  183  10:35  Marine  
  198  10:43  Terran Vehicle Weapons Level 2  
  198  10:44  Marine x2  
  198  10:46  Terran Infantry Weapons Level 3, Refinery x2  
  199  10:59  Marauder  
  199  11:02  Marauder x2, Marine x2  
  183  11:04  Marine x2  
  183  11:06  Siege Tank x2  
  183  11:08  Marine  
  183  11:09  Marine x4  
  191  11:13  Viking  
  191  11:14  Viking  
  195  11:19  Marine  
  195  11:20  Marine x2  
  195  11:22  Marine x2  
  195  11:23  Marine  
  197  11:28  Marauder  
  197  11:31  Terran Infantry Armor Level 3  
  197  11:32  Marine x5  
  182  11:37  Marine x3  
  171  11:40  Marine x3  
  165  11:47  Orbital Command  
  165  11:49  Marine x2  
  165  11:50  Ghost  
  169  11:54  SCV  
  169  11:55  Orbital Command, Ghost, SCV x2  
  169  11:56  SCV  
  169  11:58  Ghost  
  175  12:07  Ghost  
  177  12:15  Refinery  
  175  12:16  Refinery  
  175  12:17  Planetary Fortress  
  175  12:18  Ghost  
  177  12:24  Ghost  
  177  12:26  Ghost  
  177  12:28  Command Center  
  181  12:31  Missile Turret  
  181  12:32  Command Center  
  181  12:33  Sensor Tower  
  181  12:35  Ghost  
  183  12:47  Ghost  
  183  12:49  Sensor Tower  
  183  12:51  Missile Turret  
  184  12:58  Missile Turret  
  178  13:04  Ghost x2  
  182  13:06  Command Center  
  182  13:10  Command Center  
  182  13:13  Ghost  
  182  13:16  Ghost  
  186  13:22  Bunker  
  186  13:23  Siege Tank x2  
  192  13:30  Marine  
  192  13:31  Marine  
  194  13:35  Medivac  
  194  13:38  Medivac  
  194  13:39  Marine x2  
  200  13:50  Personal Cloaking  
  200  13:54  Orbital Command  
  197  14:03  Marine x2  
  197  14:09  Ghost x2, Marine x3  
  181  14:12  Marauder  
  181  14:16  Marine  
  181  14:17  Marine x2  
  179  14:20  Orbital Command  
  179  14:21  SCV x3  
  190  14:25  Siege Tank x2  
  190  14:28  Marine x6  
  188  14:33  Marauder  
  188  14:34  Marine  
  188  14:36  Marine  
  188  14:38  Marauder  
  191  14:42  Marauder  
  191  14:43  Marine  
  193  14:47  Marauder  
  194  14:59  SCV x7  
Tags
 
Add a new tag
Caveats
  • Supply blocks, unpowered buildings, or Contaminate may cause inaccurate times.
  • Supply counts are checked every 10 seconds.